 Dungeon Crawl Stone Soup version 0.17.0-18-gaab0e96 (console) character file.

155 gw the Skirmisher (level 5, 0/46 HPs)
             Began as a Draconian Fighter on Nov 12, 2015.
             Slain by a gnoll
             ... wielding a +0 halberd
              (5 damage)
             ... on level 3 of the Dungeon.
             The game lasted 00:03:07 (3883 turns).

gw the Skirmisher (Draconian Fighter)               Turns: 3883, Time: 00:03:07

Health: 0/46       AC:  6    Str: 18    XL:     5   Next: 14%
Magic:  5/5        EV: 10    Int:  9    God:    Xom [...*..]
Gold:   94         SH:  9    Dex: 11    Spells: 0 memorised, 4 levels left

rFire  . . .     SeeInvis .     a - +0 flail
rCold  . . .     Clarity  .     (armour unavailable)
rNeg   . . .     SustAt   .     b - +0 shield
rPois  .         Gourm    .     (helmet restricted)
rElec  .         Spirit   .     (no cloak)
rCorr  .         Warding  .     c - +0 pair of gloves
rMut   .         Stasis   .     (no boots)
MR     .....                    (no amulet)
Stlth  +.........               (no ring)
                                (no ring)

@: slowed, very slow, not resistant to hostile enchantments, very unstealthy
A: unfitting armour, cold-blooded, AC +5
a: Renounce Religion


You were on level 3 of the Dungeon.
You worshipped Xom.
You were a BORING thing.
You were not hungry.

You visited 1 branch of the dungeon, and saw 3 of its levels.

You collected 94 gold pieces.

Inventory:

Hand Weapons
 a - a +0 flail (weapon)
Missiles
 e - 76 stones (quivered)
Armour
 b - a +0 shield (worn)
 c - a +0 pair of gloves (worn)
Comestibles
 d - 3 bread rations


   Skills:
 + Level 4.1 Fighting
 * Level 3.5 Maces & Flails
 + Level 1.2 Throwing
 + Level 3.2 Dodging
 + Level 3.6 Shields


You had 4 spell levels left.
You didn't know any spells.

Dungeon Overview and Level Annotations

Branches:
Dungeon (3/15)

Altars:
Xom


Innate Abilities, Weirdness & Mutations

Your plain brown scales are hard (AC +5).
Your body does not fit into most forms of armour.
You are cold-blooded and may be slowed by cold attacks.


Message History

You block the orc's attack. The orc wizard closely misses you.
The giant newt barely misses you. The gnoll completely misses you.
The orc barely misses you.
The orc wizard hits you but does no damage.
The giant newt bites you but does no damage.
Unknown command.
Unknown command.
Unknown command.
Unknown command.
ATTACK MOVE TO (-1,-1)
You closely miss the orc wizard.
Your tail-slap misses the orc wizard.
The orc wizard hits you but does no damage.
You block the orc's attack. You block the gnoll's attack.
The orc wizard hits you with a dagger.
The giant newt bites you but does no damage.
The orc hits you with a short sword. The orc wizard casts a spell at you.
The magic dart hits you! The gnoll hits you with a halberd.
You die...
Xom roars with laughter!

..## #.# {
#....)# ..# #.#
#.....##.....#
.. ###
#.....##...%.#
#.....###...##
#.....# #.).# {
.##.....# #.(.#
.......o###.###
#...olg.)(..##
{ .###do......#
#........#
#........#
#........# {
#........# { {
##......##
..###### .##


You could see an orc wizard, a gnoll, 2 orcs and a giant newt.

Table legend:
 A = Turns spent in this place as a percentage of turns spent in the entire game.
 B = Non-inter-level travel turns spent in this place as a percentage of non-inter-level travel turns spent in the entire game.
 C = Inter-level travel turns spent in this place as a percentage of turns spent in this place.
 D = Turns resting spent in this place as a percentage of non-inter-level travel turns spent in this place.
 E = Turns spent auto-exploring this place as a percentage of non-inter-level travel turns spent in this place.
 F = Non-inter-level travel turns spent in this place divided by the number of levels of this place that you've seen.
                   A       B       C       D       E      F
               +-------+-------+-------+-------+-------+----------------------
         Total | 100.0 | 100.0 |   0.7 |   1.0 |   2.2 | 1490.7
       Dungeon | 100.0 | 100.0 |   0.7 |   1.0 |   2.2 | 1490.7
               +-------+-------+-------+-------+-------+----------------------

Table legend:
 A = Kills in this place as a percentage of kills in entire the game.
 B = Kills by you in this place as a percentage of kills by you in the entire game.
 C = Kills by friends in this place as a percentage of kills by friends in the entire game.
 D = Other kills in this place as a percentage of other kills in the entire game.
 E = Experience gained in this place as a percentage of experience gained in the entire game.
 F = Experience gained in this place divided by the number of levels of this place that you have seen.
                   A       B       C       D       E      F
               +-------+-------+-------+-------+-------+----------------------
         Total | 100.0 | 100.0 |  -nan |  -nan | 100.0 |  74.0
       Dungeon | 100.0 | 100.0 |  -nan |  -nan | 100.0 |  74.0
               +-------+-------+-------+-------+-------+----------------------

Vanquished Creatures
  Jessica (D:2)
  A worker ant (D:2)
  A gnoll (D:3)
  4 adders
  3 worms
  4 orcs
  4 giant cockroaches
  3 hobgoblins
  5 jackals
  A quokka (D:2)
  6 bats
  6 giant newts
  8 goblins
  3 kobolds
  6 rats
56 creatures vanquished.

Notes
Turn   | Place    | Note
--------------------------------------------------------------
     0 | D:1      | gw the Draconian Fighter began the quest for the Orb.
     0 | D:1      | Reached XP level 1. HP: 19/19 MP: 1/1
   448 | D:1      | Reached XP level 2. HP: 26/26 MP: 2/2
   992 | D:2      | Noticed Jessica
  1004 | D:2      | Killed Jessica
  1004 | D:2      | Reached skill level 1 in Throwing
  1004 | D:2      | Reached XP level 3. HP: 11/31 MP: 3/3
  1565 | D:2      | Found a shimmering altar of Xom.
  1579 | D:2      | Found a shimmering altar of Xom.
  1580 | D:2      | Found a shimmering altar of Xom.
  1580 | D:2      | Found a shimmering altar of Xom.
  1580 | D:2      | Found a shimmering altar of Xom.
  1580 | D:2      | Found a shimmering altar of Xom.
  1580 | D:2      | Found a shimmering altar of Xom.
  1581 | D:2      | Found a shimmering altar of Xom.
  1581 | D:2      | Found a shimmering altar of Xom.
  1585 | D:2      | Became a worshipper of Xom the Fickle
  1738 | D:2      | Reached XP level 4. HP: 32/40 MP: 4/4
  1990 | D:2      | XOM: harmless Fire miscast
  2055 | D:2      | XOM: divination: magic mapping
  3030 | D:2      | Reached skill level 4 in Fighting
  3066 | D:2      | XOM: scenery: 3 doors close
  3300 | D:3      | XOM: colour smoke trail
  3778 | D:3      | Reached XP level 5. HP: 46/46 MP: 5/5
  3845 | D:3      | XOM: divination: detect items
  3853 | D:3      | XOM: polymorph gnoll -> goblin
  3883 | D:3      | Slain by a gnoll

Action                   |  1- 3 |  4- 6 || total
-------------------------+-------+-------++-------
Melee: Flail             |    70 |   135 ||   205
Throw: Stone             |    10 |   126 ||   136
  Use: Potion            |     1 |       ||     1
 Stab: Distracted        |     1 |       ||     1
  Eat: Chunk             |     2 |     8 ||    10

Vault maps used:
D:1:      roderic_crossed_star
D:2:      xom_redecorated, serial_co_window_serial, co_window_paths_b,
          co_window_paths_a, co_window_paths_b, co_window_corner_a,
          co_window_paths_a, co_window_paths_a, co_window_broadway_c,
          co_window_paths_c, co_window_corner_b, co_window_paths_c,
          co_window_4corner_b, glass_columns_a, uniq_jessica
D:3:      gammafunk_temple_overflow_pools, moated_statue
